 Dungeon Crawl Stone Soup version 0.32-a0-132-g2d33c3cfaf (webtiles) character file.

Game seed: 9822249793640814834

9765 Irazel the Grappler (level 11, 0/56 HPs)
             Began as an Octopode Shapeshifter on Feb 9, 2024.
             Was a High Priest of Hepliaklqana.
             Slain by a salamander
             ... wielding a +0 spear of flaming
              (7 damage)
             ... in a volcano.
             The game lasted 00:38:17 (9221 turns).

Irazel the Grappler (Octopode Shapeshifter)         Turns: 9221, Time: 00:38:17

Health: 0/56       AC:  1    Str: 13    XL:     11   Next: 51%
Magic:  11/11      EV: 13    Int: 18    God:    Hepliaklqana [*****.]
Gold:   388        SH: 14    Dex: 23    Spells: 10/10 levels left

rFire   + .          .
                       - Unarmed
rCold   + + .        t - +1 kite shield
rNeg    . . .        (helmet currently unavailable)
rPois   +            (no amulet)
rElec   +            o - +6 ring of dexterity
rCorr   +            k - ring of protection from cold
SInv    .            s - +6 ring of dexterity
Will    .....        (no ring)
Stlth   +++          (no ring)
HPRegen 0.29/turn    (no ring)
MPRegen 0.12/turn    (no ring)
                     (no ring)

%: no passive effects
@: beast-form, resistant, hasted, studying Shields, very quick
A: beast (slay +4), reduced essence, almost no armour, amphibious, 8 rings,
camouflage 1, gelatinous body 1, (nimble swimmer 1), tentacles
a: Begin Untransformation, Renounce Religion, Recall Ancestor, Ancestor
Identity, Transference, Idealise


You were in a volcano.
You worshipped Hepliaklqana.
Hepliaklqana was extremely pleased with you.
You were a hulking beast.
You visited 3 branches of the dungeon, and saw 12 of its levels.
You also visited: Volcano.

You collected 388 gold pieces.

Inventory:

Missiles
 d - 5 atropa-tipped darts
 j - 21 poisoned darts (quivered)
 l - a throwing net
 m - 3 silver javelins
Armour
 t - a +1 kite shield (worn)
Jewellery
 k - a ring of protection from cold (right tentacle)
 o - a +6 ring of dexterity (left tentacle)
 s - a +6 ring of dexterity (on tentacle)
Talismans
 b - a beast talisman (active)
 c - a flux talisman
Wands
 i - a wand of flame (16)
 u - a wand of mindburst (25)
 C - a wand of roots (8)
Scrolls
 h - 2 scrolls of blinking
 p - 5 scrolls of teleportation
 w - a scroll of immolation
 y - a scroll of silence {unknown}
 z - a scroll of fog
Potions
 a - a potion of lignification
 e - a potion of resistance
 f - 2 potions of ambrosia
 n - a potion of curing
 q - a potion of brilliance
 v - 2 potions of magic
 x - a potion of might {unknown}


   Skills:
 - Level 1.0 Fighting
 - Level 0.7 Throwing
 + Level 3.0 Dodging
 - Level 2.0 Stealth
 + Level 10.7 Shields
 + Level 13.2 Unarmed Combat
 - Level 9.0 Shapeshifting


You had 10 spell levels left.
You didn't know any spells.
Your spell library contained the following spells:

 Spells                   Type           Power      Damage    Failure   Level
 Magic Dart               Conj           0%         1d3       45%         1
 Blink                    Tloc           0%         N/A       61%         2
 Call Imp                 Summ           0%         N/A       61%         2
 Gell's Gravitas          Tloc           0%         N/A       83%         3
 Teleport Other           Tloc           0%         N/A       83%         3
 Animate Dead             Necr           0%         N/A       99%         4
 Borgnjor's Vile Clutch   Necr/Erth      0%         N/A       100%        5
 Death Channel            Necr           0%         N/A       100%        6
 Dispersal                Tloc           0%         N/A       100%        6


Dungeon Overview and Level Annotations

Branches:
Dungeon (8/15)             Temple (1/1) D:5            Lair (3/5) D:8
Volcano (1/1)
  Swamp: Lair:2-3    Shoals: Lair:2-3     Snake: Lair:2-3    Spider: Lair:2-3

Altars:
Ashenzari
Cheibriados
Dithmenos
Elyvilon
Fedhas
Gozag
Hepliaklqana
Kikubaaqudgha
Makhleb
Nemelex Xobeh
Okawaru
Qazlal
Ru
Sif Muna
Trog
Uskayaw
Vehumet
Wu Jian
Xom
Yredelemnul
Zin
The Shining One

Shops:
D:2 [   D:5 *

Annotations:
D:5 exclusion: Ijyb, Prince Ribbit
D:8 3 runed translucent doors
Lair:2 3 runed translucent doors, Tollund's ghost, journeyman HuNe


Innate Abilities, Weirdness & Mutations

You are a hulking beast.
Your limbs bulge with bestial killing power. (Slay +4)
Your life essence is reduced to manifest your ancestor. (-10% HP)
You cannot wear most types of armour.
You are amphibious.
You can wear up to eight rings at the same time.
Your skin changes colour to match your surroundings (Stealth+).
Your rubbery body absorbs attacks. (AC +1, EV +1)
((You are camouflaged when in or above water. (Stealth+)))
You have tentacles for arms and can constrict up to eight enemies at once.


Message History

The centaur shouts!
You hear an angry squeal.
The centaur shoots an arrow.
The arrow closely misses Kendra.
The arrow barely misses you.
Kendra hits the hell hog with a +0 quarterstaff!
The hell hog bites Kendra!!
Kendra hits the hell hog with a +0 quarterstaff.
The hell hog closely misses Kendra.
The hell hog breathes fire at you.
The fireball explodes!
The fireball engulfs Kendra!
Kendra resists.
The fireball engulfs the hell hog.
The hell hog completely resists.
The fireball engulfs you!!
Ouch! That really hurt!
Kendra gestures at the hell hog while chanting.
The puff of frost hits the hell hog!
The hell hog bites Kendra!
Kendra is destroyed!
The centaur is engulfed in a cloud of scalding steam.
The centaur shoots an arrow.
You block the arrow.
Okay, then.
You feel protected.
The centaur is engulfed in a cloud of scalding steam.
The centaur shoots an arrow.
You block the arrow. The hell hog breathes fire at you.
The fireball explodes!
The fireball engulfs you! You resist.
* * * LOW HITPOINT WARNING * * *
You feel much better.
You feel yourself speed up. You block the hell hog's attack.
You block the salamander's attack. The hell hog bites you!
You tentacle-slap the hell hog. You grab the hell hog.
The hell hog is heavily wounded.
You constrict the hell hog, but do no damage.
The centaur is engulfed in a cloud of scalding steam.
The centaur unwields a +0 shortbow of flaming.
It stops flaming.
You block the centaur's attack. x2
The salamander hits you from afar with a +0 spear of flaming!
* * * LOW HITPOINT WARNING * * *
You are engulfed in flames!
You resist.
You die...
Hepliaklqana delivers you to your ancestors.

≈#≈§≈≈≈.° ...~≈≈≈≈≈
§≈≈≈≈§≈°.### ..~~≈≈≈≈≈
≈°≈≈≈≈≈.##ch##.~.≈≈≈≈≈
§°≈≈≈≈≈.#)...#.~~~≈≈≈≈
≈°≈§§§≈.#...N'.~.~≈≈≈≈
#§≈§≈≈..# #..~≈≈≈≈≈
§§≈≈≈...## ##N~~≈≈≈≈≈
#§≈≈≈§≈..####.hc≈≈≈≈≈≈
§≈≈≈≈≈≈...^...h§~≈≈≈≈≈
≈≈≈≈≈≈≈........§≈≈≈≈≈≈
≈≈≈§≈≈≈######.#≈≈≈≈≈≈≈
#§≈≈§≈≈ ##..'##≈≈≈≈≈≈≈
≈#§§§≈≈ #.#### ≈≈≈≈≈≈≈
§§§§§≈§ ##∩∩# ≈≈≈≈≈≈≈
≈≈#≈≈≈≈ #### ≈≈≈≈≈≈≈
≈≈≈≈≈≈≈


You could see a salamander, a hell hog and a centaur.

Vanquished Creatures
  Amaemon (D:8)
  3 cane toads
  A komodo dragon (D:8)
  2 blink frogs (Lair:1)
  2 yaks (Lair:2)
  A wyvern (D:8)
  Eustachio (D:6)
  A swamp worm (Lair:3)
  An orc warrior (D:7)
  An ice beast (D:8)
  A sky beast (D:8)
  A centaur (D:8)
  2 phantoms
  6 bullfrogs
  A gnoll sergeant (D:5)
  2 wights (D:5)
  Dowan (D:5)
  4 electric eels
  A howler monkey (D:4)
  3 bombardier beetles
  2 jellies (D:4)
  3 orc priests
  A hound (D:6)
  A sleepcap (D:6)
  Ijyb (D:5)
  2 iguanas
  5 orc wizards
  Robin (D:2)
  4 adders
  3 gnolls (D:5)
  A shadow imp (D:7)
  A white imp (D:4)
  A ribbon worm (D:2)
  A dart slug (D:5)
  7 orcs
  6 endoplasms
  3 giant cockroaches
  9 goblins
  5 hobgoblins
  3 jackals (D:2)
  6 kobolds
  A quokka (D:1)
  6 ball pythons (D:1)
  5 bats
  3 frilled lizards
  A rat (D:2)
118 creatures vanquished.

Vanquished Creatures (collateral kills)
  Pikel (D:5)
  A black mamba (Lair:3)
  An orange demon (D:8)
  2 cane toads (Lair:1)
  Jeremiah (D:7)
  A rime drake (Lair:1)
  A komodo dragon (Lair:1)
  3 blink frogs (Lair:1)
  2 yaks (Lair:2)
  A wyvern (Lair:3)
  3 water moccasins
  Duvessa (D:5)
  2 orc warriors
  2 ice beasts
  An ogre (D:4)
  3 lemures (D:5)
  Blork the orc (D:4)
  A kobold brigand (D:7)
  3 bullfrogs
  A wight (D:5)
  An electric eel (D:8)
  A crimson imp (D:4)
  2 hounds
  2 jellies
  An orc priest (D:7)
  Jessica (D:2)
  An iguana (Lair:3)
  2 orc wizards
  A sleepcap (D:6)
  Terence (D:3)
  An adder (D:6)
  A shadow imp (D:4)
  2 white imps
  An ufetubus (D:4)
  A ribbon worm (D:2)
  10 orcs
  2 bats (D:3)
  2 endoplasms (D:4)
  A giant cockroach (D:4)
  7 goblins
  6 hobgoblins
  2 jackals (D:4)
  A quokka (D:4)
  A ball python (D:3)
  4 kobolds
87 creatures vanquished.

Vanquished Creatures (others)
  7 battlemagi
  An ancestor (D:2)
8 creatures vanquished.

Grand Total: 213 creatures vanquished

Notes
Turn   | Place    | Note
-------+----------+-------------------------------------------
     0 | D:1      | Irazel the Octopode Shapeshifter began the quest for the
                  | Orb.
     0 | D:1      | Reached XP level 1. HP: 13/13 MP: 1/1
    35 | D:1      | You fall into a shaft and drop 1 floor!
    58 | D:2      | Reached XP level 2. HP: 17/18 MP: 2/2
    74 | D:2      | Noticed Jessica
   385 | D:1      | Reached XP level 3. HP: 19/23 MP: 3/3
   488 | D:1      | Found a faded altar of an unknown god.
   493 | D:1      | Prayed at the altar of an unknown god.
   493 | D:1      | Became a worshipper of Hepliaklqana the Forgotten
   493 | D:1      | Reached * piety under Hepliaklqana
   887 | D:2      | Noticed Robin
   894 | D:2      | Reached skill level 1 in Stealth
   997 | D:2      | Killed Jessica
   998 | D:2      | Reached skill level 4 in Unarmed Combat
   998 | D:2      | Reached XP level 4. HP: 25/25 MP: 4/4
  1201 | D:2      | Found Xaguuren's Armour Shop.
  1468 | D:2      | Killed Robin
  1481 | D:2      | Reached XP level 5. HP: 25/29 MP: 5/5
  1717 | D:3      | Reached ** piety under Hepliaklqana
  1718 | D:3      | Remembered your ancestor Kendra as a battlemage
  1992 | D:3      | Reached skill level 5 in Unarmed Combat
  2038 | D:3      | Noticed Terence
  2045 | D:3      | Killed Terence
  2046 | D:3      | Reached XP level 6. HP: 27/34 MP: 6/6
  2393 | D:4      | Reached skill level 6 in Unarmed Combat
  2645 | D:4      | Found a burning altar of Makhleb.
  2646 | D:4      | Found a radiant altar of Vehumet.
  2708 | D:4      | Reached XP level 7. HP: 38/38 MP: 7/7
  2754 | D:4      | Reached skill level 7 in Unarmed Combat
  2795 | D:4      | Noticed Blork the orc
  2820 | D:4      | Killed Blork the orc
  3050 | D:5      | Entered Level 5 of the Dungeon
  3072 | D:5      | Found Gacir's Neck Hole.
  3111 | D:5      | Noticed Ijyb
  3149 | D:5      | Found a staircase to the Ecumenical Temple.
  3157 | Temple   | Entered the Ecumenical Temple
  3212 | D:5      | Reached skill level 8 in Unarmed Combat
  3212 | D:5      | Reached XP level 8. HP: 43/43 MP: 8/8
  3371 | D:5      | Noticed Pikel
  3460 | D:5      | Reached skill level 5 in Shapeshifting
  3544 | D:5      | Killed Pikel
  3545 | D:5      | Reached skill level 9 in Unarmed Combat
  3652 | D:5      | Noticed Duvessa
  3653 | D:5      | Noticed Dowan
  3665 | D:5      | Killed Duvessa
  3667 | D:5      | Killed Dowan
  3839 | D:5      | Killed Ijyb
  3874 | D:5      | Reached XP level 9. HP: 21/47 MP: 9/9
  3875 | D:5      | Reached skill level 10 in Unarmed Combat
  4151 | D:5      | Noticed Prince Ribbit
  4331 | D:6      | Reached *** piety under Hepliaklqana
  4331 | D:6      | Found a bloodstained altar of Trog.
  4540 | D:6      | Noticed Eustachio
  4550 | D:6      | Killed Eustachio
  4873 | D:6      | Reached skill level 11 in Unarmed Combat
  4908 | D:6      | Found an ancient bone altar of Kikubaaqudgha.
  5078 | D:7      | Identified a scroll of acquirement
  5078 | D:7      | Acquired a manual of Shields
  5324 | D:7      | Reached skill level 1 in Shields
  5330 | D:7      | Found an opulent altar of Gozag.
  5350 | D:7      | Found a shimmering blue altar of Sif Muna.
  5545 | D:7      | Noticed Jeremiah
  5564 | D:7      | Killed Jeremiah
  5982 | D:8      | Noticed Amaemon
  5982 | D:8      | Noticed an orange demon
  6132 | D:7      | Reached XP level 10. HP: 43/52 MP: 10/10
  6196 | D:8      | Reached skill level 5 in Shields
  6307 | D:8      | Found a staircase to the Lair.
  6466 | D:8      | Found a runed translucent gate.
  6466 | D:8      | Found a runed translucent gate.
  6467 | D:8      | Noticed a purple ugly thing
  6467 | D:8      | Noticed a cyan ugly thing
  6468 | D:8      | Found a runed translucent gate.
  6468 | D:8      | Noticed a cyan ugly thing
  6471 | D:8      | Noticed a glowing orange brain
  6472 | D:8      | Noticed a green ugly thing
  6486 | D:8      | Reached **** piety under Hepliaklqana
  6734 | D:8      | Killed Amaemon
  6735 | D:8      | Reached skill level 12 in Unarmed Combat
  6835 | D:8      | Killed an orange demon
  7301 | Lair:1   | Entered Level 1 of the Lair of Beasts
  7442 | Lair:1   | Noticed a cane toad
  7445 | Lair:1   | Killed a cane toad
  7446 | Lair:1   | Reached XP level 11. HP: 42/56 MP: 11/11
  8224 | Lair:2   | Reached ***** piety under Hepliaklqana
  8235 | Lair:2   | Noticed a lindwurm
  8238 | Lair:2   | Noticed Tollund's ghost (journeyman HuNe)
  8242 | Lair:2   | Found a runed translucent gate.
  8242 | Lair:2   | Found a runed translucent gate.
  8242 | Lair:2   | Found a runed translucent gate.
  8328 | Lair:2   | Reached skill level 10 in Shields
  8328 | Lair:2   | Reached skill level 13 in Unarmed Combat
  8517 | Lair:2   | You fall into a shaft and drop 1 floor!
  9017 | Lair:3   | Found a dark tunnel.
  9025 | Volcano  | Entered a volcano
  9038 | Volcano  | Noticed a hell hog
  9038 | Volcano  | Noticed a salamander
  9221 | Volcano  | Slain by a salamander

Illustrated notes

Levels and vault maps discovered:
D:1:      scummos_arrival_star, layout_loops_ring,
          shapermc_ecumenical_altar_hornbeckon
D:2:      layout_basic, serial_shops, nicolae_shop_behind_doors, uniq_jessica,
          uniq_robin
D:3:      layout_rooms, uniq_terence
D:4:      layout_loops_cross, grunt_temple_overflow_lords_of_destruction,
          serial_demonic, serial_demonic_c, serial_demonic_f, serial_demonic_d,
          serial_demonic_b, minmay_fountain_box, uniq_blork_the_orc
D:5:      layout_loops_ring, temple_fountains,
          nicolae_shop_sticking_my_neck_out, uniq_pikel, uniq_prince_ribbit1,
          uniq_duvessa, uniq_ijyb
D:6:      layout_cave_pods, overflow_temple_1_default,
          mainiacjoe_overflow_brackets, uniq_eustachio
D:7:      layout_loops_ring, nicolae_overflow_squiral, uniq_jeremiah
D:8:      layout_loops_ring, david_lair_shrubbed,
          ploomutoo_gammafunk_ghost_potion_laboratory, water_maze_lemuel,
          uniq_amaemon
Temple:   eino_temple_scatter_basement
Lair:1:   layout_hall_layers
Lair:2:   layout_gridlike, nicolae_snake_entry_squirm, gammafunk_ghost_split,
          infiniplex_staircase_pool_2
Lair:3:   layout_cave_pods, palyth_hydra_swamp_entry,
          nicolae_volcano_entry_hallway
Volcano:  volcano_village

Skill      XL: |  1  2  3  4  5  6  7  8  9 10 11 |
---------------+----------------------------------+-----
Stealth        | 1 2 |  2.0
Unarmed Combat | 4 5 6 8 9 11 12 13 | 13.2
Shapeshifting  | 4 5 6 8 9 |  9.0
Shields        | 4 9 10 | 10.7
Dodging        | 3 |  3.0
Fighting       | |  1.0
Throwing       | |  0.7

Action                     |  1- 3 |  4- 6 |  7- 9 | 10-12 || total
---------------------------+-------+-------+-------+-------++-------
  Melee: Unarmed           |    56 |    55 |    86 |    93 ||   290
         Constrict         |    12 |    12 |    24 |    25 ||    73
         Tentacles         |     3 |     7 |    23 |    24 ||    57
         Punch             |     2 |     4 |    11 |    10 ||    27
  Throw: Dart              |       |     1 |     4 |       ||     5
 Invoke: Ancestor Life: Ba |       |     1 |       |       ||     1
         Recall Ancestor   |       |     1 |     2 |     2 ||     5
  Evoke: Wand              |       |       |     5 |       ||     5
    Use: Potion            |       |       |     2 |     5 ||     7
         Scroll            |       |       |    10 |     7 ||    17
   Stab: Sleeping          |     7 |     3 |     3 |     3 ||    16
         Distracted        |       |     2 |     2 |     1 ||     5
 Armour: Skin              |    21 |    24 |    47 |    42 ||   134
  Dodge: Dodged            |    30 |    33 |    37 |    23 ||   123
  Block: Kite shield       |       |       |     7 |    43 ||    50
   Form: Beast             |     1 |       |       |       ||     1

Table legend: (Time is in decaauts)
 A = Elapsed time spent in this place.
 B = Non-inter-level travel time spent in this place.
 C = Inter-level travel time spent in this place.
 D = Time resting spent in this place.
 E = Time spent auto-exploring this place.
 F = Levels seen in this place.
 G = Mean time per level.
                   A        B        C        D        E       F      G
               +--------+--------+--------+--------+--------+-----+--------+
         Total |   9193 |   8973 |    220 |    515 |   5963 |  13 |  707.2 |
       Dungeon |   7278 |   7070 |    208 |    240 |   5012 |   8 |  909.8 |
        Temple |      1 |      1 |      0 |      0 |      0 |   1 |    1.0 |
          Lair |   1717 |   1705 |     12 |    141 |    951 |   3 |  572.3 |
       Volcano |    195 |    195 |      0 |    134 |      0 |   1 |  195.0 |
               +--------+--------+--------+--------+--------+-----+--------+

Top non-repeatable levels by time:
     D:5: 1236 daAuts
     D:8: 1169 daAuts
     D:7: 1054 daAuts
  Lair:1: 919 daAuts
     D:2: 862 daAuts
     D:1: 839 daAuts
     D:4: 827 daAuts
     D:6: 778 daAuts
     D:3: 510 daAuts
  Lair:3: 506 daAuts
  Lair:2: 292 daAuts
 Volcano: 195 daAuts
  Temple: 1 daAuts
